 Dungeon Crawl Stone Soup version 0.31-a0-845-g9abc20d24f (webtiles) character file.

Game seed: 8540472880685222940

3921 Kurtz the Blocker (level 10, -18/63 HPs)
             Began as an Octopode Fighter on Oct 1, 2023.
             Was an Elder of Okawaru.
             Demolished by a polar bear (21 damage)
             ... on level 7 of the Dungeon.
             The game lasted 00:09:24 (8201 turns).

Kurtz the Blocker (Octopode Fighter)                Turns: 8201, Time: 00:09:24

Health: -18/63     AC:  1    Str: 18    XL:     10   Next: 20%
Magic:  12/12      EV: 13    Int: 10    God:    Okawaru [****..]
Gold:   392        SH: 23    Dex: 20    Spells: 9/9 levels left

rFire   . . .        b - +0 hand axe (venom)
rCold   . . .        D - +5 tower shield
rNeg    . . .        (helmet restricted)
rPois   .            w - amulet of faith
rElec   .            q - +6 ring of dexterity
rCorr   .            E - ring of willpower
SInv    .            (no ring)
Will    +....        (no ring)
Stlth   +++          (no ring)
HPRegen 0.30/turn    (no ring)
MPRegen 0.13/turn    (no ring)
                     (no ring)

%: faith
@: hasted, studying Ice Magic, very quick
A: almost no armour, amphibious, 8 rings, camouflage 1, gelatinous body 1,
(nimble swimmer 1), tentacles
a: Renounce Religion, Heroism, Finesse


You were on level 7 of the Dungeon.
You worshipped Okawaru.
Okawaru was greatly pleased with you.
You visited 1 branch of the dungeon, and saw 8 of its levels.
You also visited: Sewer and Bailey.

You collected 392 gold pieces.

Inventory:

Hand Weapons
 a - a +0 war axe
 b - a +0 hand axe of venom (weapon)
 p - the +13 scythe of Curses {drain, curses, Drain}
   (You found it in a bailey)

   Drain:     It drains your maximum health when unequipped.
 r - a +0 dagger
Missiles
 e - 23 poisoned darts
 v - 3 javelins
Armour
 D - a +5 tower shield (worn)
Jewellery
 q - a +6 ring of dexterity (left tentacle)
 w - an amulet of faith (around mantle)
 E - a ring of willpower (right tentacle)
Talismans
 y - a beast talisman
Wands
 B - a wand of flame (13) (quivered)
Scrolls
 d - 2 scrolls of brand weapon
 f - a scroll of revelation {unknown}
 g - 2 scrolls of silence
 i - a scroll of butterflies
 j - 4 scrolls of enchant weapon
 k - 3 scrolls of teleportation {unknown}
 l - a scroll of noise {unknown}
 m - 2 scrolls of fog {unknown}
 n - 3 scrolls of fear {unknown}
 o - 2 scrolls of poison {unknown}
 x - 3 scrolls of blinking {unknown}
 z - 3 scrolls of immolation {unknown}
Potions
 c - 3 potions of might
 h - 2 potions of lignification
 s - 3 potions of haste
 t - 2 potions of curing {unknown}
 u - 9 potions of enlightenment
 A - a potion of heal wounds {unknown}
 C - a potion of mutation {unknown}
 F - a potion of brilliance {unknown}


   Skills:
 + Level 4.1 Fighting
 * Level 9.4 Axes
 - Level 3.9 Dodging
 - Level 10.5 Shields
 - Level 3.1 Invocations


You had 9 spell levels left.
You didn't know any spells.
Your spell library contained the following spells:

 Spells                   Type           Power      Damage    Failure   Level
 Static Discharge         Conj/Air       0%         2-2/arc   95%         2
 Airstrike                Air            0%         2d(0-16)  100%        4
 Passage of Golubria      Tloc           0%         N/A       100%        4
 Silence                  Hex/Air        0%         N/A       100%        5
 Lehudib's Crystal Spear  Conj/Erth      0%         10d2      100%        8
 Summon Lightning Spire   Summ/Air       Unusable   N/A       N/A         4

Dungeon Overview and Level Annotations

Branches:
Dungeon (8/15)             Temple (0/1) D:7           Sewer (visited)
 Bailey (visited)
   Lair: D:8-11

Altars:
Cheibriados
Dithmenos
Kikubaaqudgha
Okawaru
Qazlal
Wu Jian
Xom

Shops:
D:7 (


Innate Abilities, Weirdness & Mutations

You cannot wear most types of armour.
You are amphibious.
You can wear up to eight rings at the same time.
Your skin changes colour to match your surroundings (Stealth+).
Your rubbery body absorbs attacks. (AC +1, EV +1)
((You are camouflaged when in or above water. (Stealth+)))
You have tentacles for arms and can constrict up to eight enemies at once.


Message History

You hit the polar bear. You squeeze the polar bear.
The polar bear is severely wounded.
The polar bear goes berserk!
You hit the polar bear but do no damage.
The polar bear looks as sick as possible!
The polar bear is severely wounded.
You block the polar bear's attack. The polar bear closely misses you. x2
You hit the polar bear but do no damage.
The polar bear looks as sick as possible!
The polar bear is severely wounded.
You block the polar bear's attack. x2; The polar bear barely misses you.
The polar bear bites you!! The polar bear closely misses you.
The polar bear claws you.
You are too injured to fight recklessly!
You are too injured to fight recklessly!
You hit the polar bear but do no damage.
The polar bear looks as sick as possible!
The polar bear is severely wounded.
You block the polar bear's attack. x3
You hit the polar bear but do no damage.
The polar bear is severely wounded.
You block the polar bear's attack. The polar bear claws you.
You block the polar bear's attack. The polar bear closely misses you.
You block the polar bear's attack. The polar bear claws you.
Unknown command.
You hit the polar bear.
The polar bear is severely wounded.
The polar bear bites you!
* * * LOW HITPOINT WARNING * * *
You block the polar bear's attack. The polar bear barely misses you.
The polar bear bites you.
* * * LOW HITPOINT WARNING * * *
You block the polar bear's attack. x2
Okay, then.
It was a potion of haste.
You feel yourself speed up.
You block the polar bear's attack. x2; The polar bear closely misses you.
The polar bear rages.
The polar bear attacks as it pursues you!
The polar bear bites you!!
You die...

#.#.#### #######
#.#.#### #.....#
#.#..... #.....#
#.###### #.....#
#....[..
#...∩.###############
#.........<#....#
#.....######.##.#
#...@.# #.##.#####
#...h.# #.#.......
#.....######.#..#####
#...>................
#......#####.#..#....
##.#'#.# #.#..#....
#.#.#.# #.#..#....
#.#.#.#####.#..#....
#.#.#.............).


You could see a polar bear (berserk, extremely poisoned).

Vanquished Creatures
  A two-headed ogre (Bailey)
  3 spriggans (Bailey)
  A wraith (D:7)
  A steam dragon (Bailey)
  A sky beast (D:7)
  An ice beast (D:7)
  3 black bears
  4 ogres
  2 centaurs (D:6)
  2 kobold brigands
  A necrophage (D:5)
  3 bullfrogs
  5 scorpions
  2 wights (D:5)
  A centaur zombie (D:5)
  3 bullfrog zombies (D:5)
  3 hounds
  A human zombie (D:5)
  3 orc priests
  2 sleepcaps
  2 iguanas
  2 orc wizards
  2 killer bee zombies (D:5)
  A mummy (D:5)
  2 gnolls (D:8)
  14 adders
  5 river rats
  An ufetubus (D:5)
  An adder zombie (D:5)
  6 worms
  A dart slug (D:2)
  19 orcs
  13 ball pythons
  3 endoplasms
  5 giant cockroaches
  11 goblins
  6 hobgoblins
  4 jackals
  9 kobolds
  7 quokkas
  14 bats
  4 frilled lizards
  10 rats
185 creatures vanquished.

Notes
Turn   | Place    | Note
-------+----------+-------------------------------------------
     0 | D:1      | Kurtz the Octopode Fighter began the quest for the Orb.
     0 | D:1      | Reached XP level 1. HP: 16/16 MP: 1/1
    67 | D:1      | Found a faded altar of an unknown god.
   125 | D:1      | Reached XP level 2. HP: 21/21 MP: 2/2
   573 | D:1      | Reached XP level 3. HP: 25/26 MP: 3/3
  1043 | D:2      | Reached XP level 4. HP: 15/31 MP: 4/4
  1244 | D:2      | Found a shimmering altar of Xom.
  1769 | D:3      | Found an iron altar of Okawaru.
  1784 | D:3      | Became a worshipper of Warmaster Okawaru
  1808 | D:3      | Noticed an ogre
  1989 | D:4      | Noticed a scorpion
  1993 | D:4      | Killed a scorpion
  1994 | D:4      | Reached skill level 5 in Axes
  1994 | D:4      | Reached XP level 5. HP: 29/36 MP: 5/5
  2110 | D:4      | Identified the orb of Fallacy {guile, rElec rC+ Str-2
                  | Dex+4}
  2511 | D:4      | Reached skill level 1 in Invocations
  2812 | D:5      | Entered Level 5 of the Dungeon
  2875 | D:5      | Noticed a black bear
  2878 | D:5      | Reached XP level 6. HP: 33/42 MP: 6/6
  2882 | D:5      | Killed a black bear
  2908 | D:5      | Reached * piety under Okawaru
  3003 | D:5      | Found a snail-covered altar of Cheibriados.
  3069 | D:5      | Reached XP level 7. HP: 44/46 MP: 8/8
  3139 | D:5      | Found a glowing drain.
  3148 | Sewer    | Entered a sewer
  4059 | D:5      | Found an ancient bone altar of Kikubaaqudgha.
  4114 | D:5      | Reached XP level 8. HP: 45/52 MP: 9/9
  4340 | D:5      | Reached ** piety under Okawaru
  4768 | D:6      | Reached skill level 4 in Shields
  5057 | D:6      | Reached *** piety under Okawaru
  5058 | D:6      | Reached skill level 5 in Shields
  5058 | D:6      | Reached XP level 9. HP: 43/58 MP: 11/11
  5191 | D:6      | Reached skill level 6 in Shields
  5574 | D:6      | Found an ornate altar of the Wu Jian Council.
  6410 | D:7      | Found a flagged portal.
  6425 | Bailey   | Entered a bailey
  6670 | Bailey   | Reached skill level 7 in Shields
  6783 | Bailey   | Reached skill level 8 in Shields
  6965 | Bailey   | Noticed a two-headed ogre
  7065 | Bailey   | Reached **** piety under Okawaru
  7085 | Bailey   | Killed a two-headed ogre
  7086 | Bailey   | Reached skill level 10 in Shields
  7086 | Bailey   | Reached XP level 10. HP: 63/63 MP: 12/12
  7150 | Bailey   | Found the +13 scythe of Curses {drain, curses, Drain}
  7393 | D:7      | Found a stormy altar of Qazlal.
  7570 | D:7      | Found a shadowy altar of Dithmenos.
  7635 | D:7      | Found a staircase to the Ecumenical Temple.
  7904 | D:7      | Found Ceoruoci's Antique Weapon Shop.
  8197 | D:7      | HP: 2/63 [polar bear (6)]
  8201 | D:7      | Demolished by a polar bear

Illustrated notes

Levels and vault maps discovered:
D:1:      dpeg_arrival_rooms_a, layout_basic, shapermc_ecumenical_altar_venn
D:2:      layout_basic, basic_altar
D:3:      layout_basic, okawaru_trees_1, amcnicky_mini_pool_small
D:4:      layout_basic
D:5:      layout_basic, lemuel_mausoleum_altar_kikubaaqudgha,
          mainiacjoe_overflow_six_doors_small, gup_sewer_entry_bubbles
D:6:      layout_cave_pools, pdpol_wu_jian_five_deadly_venoms,
          minmay_manual_mares
D:7:      layout_basic, nicolae_qazlal_beasts_of_the_sky,
          nicolae_dithmenos_through_a_glass_darkly, minmay_temple_entry_ruins,
          serial_shops, shop, enter_bailey_5
D:8:      layout_basic, mainiacjoe_overflow_alcove_2, hellmonk_lair_entry_icy

Skill      XL: |  1  2  3  4  5  6  7  8  9 |
---------------+----------------------------+-----
Axes           | 3 4 5 6 7 8 9 |  9.4
Invocations    | 1 2 3 |  3.1
Fighting       | 4 |  4.1
Shields        | 5 10 | 10.5
Dodging        | |  3.9

Action                     |  1- 3 |  4- 6 |  7- 9 | 10-12 || total
---------------------------+-------+-------+-------+-------++-------
  Melee: War axe           |    64 |    80 |   195 |     6 ||   345
         Constrict         |    17 |    24 |    49 |     8 ||    98
         Tentacles         |     4 |    18 |    51 |    13 ||    86
         Punch             |       |     1 |     7 |       ||     8
         Hand axe          |       |       |       |    39 ||    39
  Throw: Javelin           |       |     4 |     7 |       ||    11
  Evoke: Wand              |       |       |    19 |    12 ||    31
    Use: Potion            |       |       |     3 |     1 ||     4
         Scroll            |       |       |     7 |     3 ||    10
   Stab: Sleeping          |     6 |     3 |    22 |       ||    31
         Distracted        |       |     1 |       |       ||     1
 Armour: Skin              |    22 |    30 |    98 |    16 ||   166
  Dodge: Dodged            |    39 |    52 |   128 |    13 ||   232
  Block: Buckler           |    15 |    15 |    67 |       ||    97
         Tower shield      |       |       |    20 |    51 ||    71

Table legend: (Time is in decaauts)
 A = Elapsed time spent in this place.
 B = Non-inter-level travel time spent in this place.
 C = Inter-level travel time spent in this place.
 D = Time resting spent in this place.
 E = Time spent auto-exploring this place.
 F = Levels seen in this place.
 G = Mean time per level.
                   A        B        C        D        E       F      G
               +--------+--------+--------+--------+--------+-----+--------+
         Total |   8315 |   7895 |    420 |   1756 |   4476 |  10 |  831.5 |
       Dungeon |   6767 |   6347 |    420 |    930 |   4095 |   8 |  845.9 |
         Sewer |    732 |    732 |      0 |    257 |    284 |   1 |  732.0 |
        Bailey |    815 |    815 |      0 |    568 |     97 |   1 |  815.0 |
               +--------+--------+--------+--------+--------+-----+--------+

Top non-repeatable levels by time:
     D:6: 1152 daAuts
     D:5: 1145 daAuts
     D:4: 1022 daAuts
     D:7: 983 daAuts
     D:1: 947 daAuts
  Bailey: 815 daAuts
     D:2: 778 daAuts
   Sewer: 732 daAuts
     D:3: 688 daAuts
     D:8: 49 daAuts
